cohdb
Replays
Latest Replays
All Replays
Popular Replays
Top Player Replays
Match Explorer
How It Works
Community
CoH3 Stats
Reddit
Sign in to upload your games and track your stats! →
Sign in with Steam
Match 40306234
Unlisted
Match 40306234
Overview
Messages
Build Orders
End
Kradschützen Motorcycle Team
Panzergrenadier Squad
250 Light Carrier
Selects Panzerjäger Kommand Battlegroup
Selects Mine Fields
Construct Light Support Kompanie
Assault Grenadier Squad
Fire Support Elements
Panzergrenadier Squad
Flakvierling Half-track
Pak 38 Mechanized Group
Selects Tank Busters
Selects Crew Shock Tactics
Assault Grenadier Squad
Construct Panzerarmee Kommand
Assault Grenadier Squad
Flak 36 Anti-tank Gun Team
Thank You Chef
inmyzone
0
0
Comments
sign in to comment!
No comments posted yet!